TOP OF THE 1ST |
St Charles Sheens batting - Pitching for Fresno Deplorables : LHP Kip Manning
|
Pitching: LHP Kip Manning
|
|
Batting: RHB Jesús Hernández
|
0-0: Called Strike 0-1: Foul Ball, location: 2F 0-2: SINGLE (Groundball, 56) (infield hit)
|
Batting: RHB Miguel Palácios
|
0-0: Swinging Strike 0-1: Ball 1-1: Foul Ball, location: 2F 1-2: Grounds into double play, 6-4-3 (Groundball, 6)
|
Batting: LHB Larry Howard
|
0-0: Called Strike 0-1: Ball 1-1: Ball 2-1: Called Strike 2-2: Strikes out swinging
|
Top of the 1st over - 0 run(s), 1 hit(s), 0 error(s), 0 left on base; St Charles 0 - Fresno 0 |
BOTTOM OF THE 1ST |
Fresno Deplorables batting - Pitching for St Charles Sheens : RHP Jesús Andrade
|
Pitching: RHP Jesús Andrade
|
|
Batting: RHB Jared Thompson
|
0-0: Foul Ball, location: 2F 0-1: Ball 1-1: Foul Ball, location: 2F 1-2: SINGLE (Line Drive, 6D)
|
Batting: LHB Paul Mullins
|
0-0: Foul Ball, location: 2F 0-1: Swinging Strike 0-2: Ball 1-2: Ball 2-2: Foul Ball, location: 2F 2-2: Ball 3-2: SINGLE (Groundball, 34) (infield hit) Jared Thompson to second
|
Batting: LHB Jeff Daniels
|
0-0: Ball 1-0: Called Strike 1-1: Grounds into double play, 4-6-3 (Groundball, 4) Jared Thompson to third
|
Batting: LHB Troy Donaldson
|
0-0: Called Strike 0-1: Foul Ball, location: 2F 0-2: Ball 1-2: Foul Ball, location: 2F 1-2: Foul Ball, location: 2F 1-2: Ball 2-2: DOUBLE (Line Drive, 7LS) Jared Thompson scores
|
Batting: RHB Paco Arellano
|
0-0: Called Strike 0-1: Swinging Strike 0-2: Ball 1-2: SINGLE (Flyball, 8LS) Troy Donaldson to third Runner from 3rd tries for Home, SAFE, no throw
|
Batting: RHB Dani Vázquez
|
0-0: Called Strike 0-1: Swinging Strike 0-2: Fly out, F8 (Flyball, 8LS)
|
Bottom of the 1st over - 2 run(s), 4 hit(s), 0 error(s), 1 left on base; St Charles 0 - Fresno 2 |
TOP OF THE 2ND |
St Charles Sheens batting - Pitching for Fresno Deplorables : LHP Kip Manning
|
Batting: RHB Daniel Robert
|
0-0: Ground out 6-3 (Groundball, 6S)
|
Batting: RHB Max Rash
|
0-0: Ball 1-0: Swinging Strike 1-1: Ball 2-1: Called Strike 2-2: Strikes out swinging
|
Batting: RHB Judson Backstrom
|
0-0: Called Strike 0-1: Swinging Strike 0-2: Ball 1-2: Foul Ball, location: 2F 1-2: SINGLE (Groundball, 34S) (infield hit)
|
Batting: RHB Miguel Encarnación
|
0-0: Ball 1-0: Ball 2-0: Called Strike 2-1: Foul Ball, location: 2F 2-2: Fly out, F5 (Popup, 5L)
|
Top of the 2nd over - 0 run(s), 1 hit(s), 0 error(s), 1 left on base; St Charles 0 - Fresno 2 |
BOTTOM OF THE 2ND |
Fresno Deplorables batting - Pitching for St Charles Sheens : RHP Jesús Andrade
|
Batting: RHB António Zúńiga
|
0-0: Ground out 3-1 (Groundball, 3S)
|
Batting: RHB Alberto Campos
|
0-0: Foul Ball, location: 2F 0-1: Swinging Strike 0-2: Foul Ball, location: 2F 0-2: Ball 1-2: Strikes out looking
|
Batting: RHB Gabriel Miranda
|
0-0: Called Strike 0-1: SINGLE (Groundball, 6M) (infield hit)
|
Batting: RHB Jared Thompson
|
0-0: Swinging Strike 0-1: Swinging Strike 0-2: Strikes out swinging
|
Bottom of the 2nd over - 0 run(s), 1 hit(s), 0 error(s), 1 left on base; St Charles 0 - Fresno 2 |
TOP OF THE 3RD |
St Charles Sheens batting - Pitching for Fresno Deplorables : LHP Kip Manning
|
Batting: LHB Marcos Cantú
|
0-0: Ball 1-0: Swinging Strike 1-1: Called Strike 1-2: Foul Ball, location: 2F 1-2: Strikes out swinging
|
Batting: RHB Rubén Matos
|
0-0: Foul Ball, location: 2F 0-1: Ball 1-1: Foul Ball, location: 2F 1-2: Foul Ball, location: 2F 1-2: Foul Ball, location: 2F 1-2: Foul Ball, location: 2F 1-2: SINGLE (Groundball, 56D)
|
Batting: RHB Jesús Hernández
|
0-0: Foul Ball, location: 2F 0-1: Grounds into double play, 6-4-3 (Groundball, 6)
|
Top of the 3rd over - 0 run(s), 1 hit(s), 0 error(s), 0 left on base; St Charles 0 - Fresno 2 |
BOTTOM OF THE 3RD |
Fresno Deplorables batting - Pitching for St Charles Sheens : RHP Jesús Andrade
|
Batting: LHB Paul Mullins
|
0-0: Ball 1-0: Ball 2-0: Ball 3-0: Called Strike 3-1: Called Strike 3-2: SINGLE (Groundball, 34D)
|
Batting: LHB Jeff Daniels
|
0-0: Swinging Strike 0-1: Ball 1-1: Foul Ball, location: 2F 1-2: Ball 2-2: Ball 3-2: 2-RUN HOME RUN (Flyball, 89XD), Distance : 370 ft
|
Batting: LHB Troy Donaldson
|
0-0: Ball 1-0: Ball 2-0: Ball 3-0: Base on Balls
|
Batting: RHB Paco Arellano
|
0-0: Called Strike 0-1: SINGLE (Groundball, 56D) Troy Donaldson to second
|
Batting: RHB Dani Vázquez
|
0-0: Ball 1-0: Fly out, F3 (Popup, 3D)
|
Batting: RHB António Zúńiga
|
0-0: Fly out, F9 (Line Drive, 9)
|
Batting: RHB Alberto Campos
|
0-0: Fielders Choice at 2nd, 5-4 (Groundball, 56)
|
Bottom of the 3rd over - 2 run(s), 3 hit(s), 0 error(s), 1 left on base; St Charles 0 - Fresno 4 |
TOP OF THE 4TH |
St Charles Sheens batting - Pitching for Fresno Deplorables : LHP Kip Manning
|
Batting: RHB Miguel Palácios
|
0-0: Ball 1-0: Swinging Strike 1-1: Fly out, F5 (Line Drive, 5S)
|
Batting: LHB Larry Howard
|
0-0: Called Strike 0-1: Foul Ball, location: 2F 0-2: Foul Ball, location: 2F 0-2: Foul Ball, location: 2F 0-2: Foul Ball, location: 2F 0-2: Foul Ball, location: 2F 0-2: Foul Ball, location: 2F 0-2: Ball 1-2: Reached on error, E6 (Groundball, 6)
|
Batting: RHB Daniel Robert
|
0-0: Called Strike 0-1: Ball 1-1: Called Strike 1-2: Ball 2-2: Strikes out swinging
|
Batting: RHB Max Rash
|
0-0: Called Strike 0-1: Fly out, F7 (Flyball, 7LSF)
|
Top of the 4th over - 0 run(s), 0 hit(s), 1 error(s), 1 left on base; St Charles 0 - Fresno 4 |
BOTTOM OF THE 4TH |
Fresno Deplorables batting - Pitching for St Charles Sheens : RHP Jesús Andrade
|
Batting: RHB Gabriel Miranda
|
0-0: Ball 1-0: Ball 2-0: Called Strike 2-1: Ball 3-1: Base on Balls
|
Batting: RHB Jared Thompson
|
0-0: Foul Ball, location: 2F 0-1: Foul Ball, location: 2F 0-2: Ball 1-2: Foul Ball, location: 2F 1-2: Ground out 5-3 (Groundball, 56S) Gabriel Miranda to second
|
Batting: LHB Paul Mullins
|
0-0: Swinging Strike 0-1: Fly out, F9 (Flyball, 9D) Runner from 2nd tags up, SAFE at 3rd, no throw
|
Batting: LHB Jeff Daniels
|
0-0: Ball 1-0: Foul Ball, location: 2F 1-1: Called Strike 1-2: Ball 2-2: Fly out, F9 (Flyball, 9S)
|
Bottom of the 4th over - 0 run(s), 0 hit(s), 0 error(s), 1 left on base; St Charles 0 - Fresno 4 |
TOP OF THE 5TH |
St Charles Sheens batting - Pitching for Fresno Deplorables : LHP Kip Manning
|
Batting: RHB Judson Backstrom
|
0-0: Ball 1-0: Ball 2-0: Called Strike 2-1: Ball 3-1: Fly out, F8 (Flyball, 8RD)
|
Batting: RHB Miguel Encarnación
|
0-0: Ball 1-0: Ground out 1-3 (Groundball, P)
|
Batting: LHB Marcos Cantú
|
0-0: Ball 1-0: Called Strike 1-1: Ball 2-1: Foul Ball, location: 2F 2-2: Strikes out swinging
|
Top of the 5th over - 0 run(s), 0 hit(s), 0 error(s), 0 left on base; St Charles 0 - Fresno 4 |
BOTTOM OF THE 5TH |
Fresno Deplorables batting - Pitching for St Charles Sheens : RHP Jesús Andrade
|
Batting: LHB Troy Donaldson
|
0-0: Ball 1-0: SINGLE (Line Drive, 8LS)
|
Batting: RHB Paco Arellano
|
0-0: Ball 1-0: Ball 2-0: Fly out, F8 (Flyball, 8RXD)
|
Batting: RHB Dani Vázquez
|
0-0: Foul Ball, location: 2F 0-1: Grounds into double play, 6-4-3 (Groundball, 6)
|
Bottom of the 5th over - 0 run(s), 1 hit(s), 0 error(s), 0 left on base; St Charles 0 - Fresno 4 |
TOP OF THE 6TH |
St Charles Sheens batting - Pitching for Fresno Deplorables : LHP Kip Manning
|
Batting: RHB Rubén Matos
|
0-0: Ball 1-0: Called Strike 1-1: Ball 2-1: Called Strike 2-2: Ball 3-2: Reached on error, E6 (Groundball, 6)
|
Batting: RHB Jesús Hernández
|
0-0: Fly out, F8 (Line Drive, 8LM)
|
Batting: RHB Miguel Palácios
|
0-0: Called Strike 0-1: Ground out 4-3 (Groundball, 4S) Rubén Matos to third
|
Batting: LHB Larry Howard
|
0-0: Called Strike 0-1: Ball 1-1: Ball 2-1: Ball 3-1: Fly out, F7 (Flyball, 7S)
|
Top of the 6th over - 0 run(s), 0 hit(s), 1 error(s), 1 left on base; St Charles 0 - Fresno 4 |
BOTTOM OF THE 6TH |
Fresno Deplorables batting - Pitching for St Charles Sheens : RHP Jesús Andrade
|
Batting: RHB António Zúńiga
|
0-0: Foul Ball, location: 2F 0-1: Foul Ball, location: 2F 0-2: Ball 1-2: Ball 2-2: Foul Ball, location: 2F 2-2: Ball 3-2: Base on Balls
|
Pitching: RHP Irwin Conway
|
|
Batting: RHB Alberto Campos
|
0-0: Foul Ball, location: 2F 0-1: Swinging Strike 0-2: Ball 1-2: Ball 2-2: Foul Ball, location: 2F 2-2: 2-RUN HOME RUN (Flyball, 7D), Distance : 356 ft
|
Batting: RHB Gabriel Miranda
|
0-0: Foul Ball, location: 2F 0-1: Called Strike 0-2: Foul Ball, location: 2F 0-2: Ball 1-2: Fly out, F7 (Flyball, 7LMF)
|
Batting: RHB Jared Thompson
|
0-0: Ground out 4-3 (Groundball, 4)
|
Batting: LHB Paul Mullins
|
0-0: Ball 1-0: Ball 2-0: Ground out 6-3 (Groundball, 6)
|
Bottom of the 6th over - 2 run(s), 1 hit(s), 0 error(s), 0 left on base; St Charles 0 - Fresno 6 |
TOP OF THE 7TH |
St Charles Sheens batting - Pitching for Fresno Deplorables : LHP Kip Manning
|
Batting: RHB Daniel Robert
|
0-0: Ball 1-0: Foul Ball, location: 2F 1-1: Ground out 6-3 (Groundball, 56)
|
Batting: RHB Max Rash
|
0-0: Ball 1-0: Ball 2-0: Swinging Strike 2-1: Ball 3-1: Foul Ball, location: 2F 3-2: Strikes out swinging
|
Batting: RHB Judson Backstrom
|
0-0: Ball 1-0: Ball 2-0: SINGLE (Groundball, 6D)
|
Batting: RHB Miguel Encarnación
|
0-0: Ball 1-0: Ball 2-0: Foul Ball, location: 2F 2-1: Foul Ball, location: 2F 2-2: SINGLE (Groundball, 4MD) Judson Backstrom to second
|
Pitching: RHP Butch Ramey
|
|
Batting: LHB Marcos Cantú
|
0-0: Ball 1-0: Foul Ball, location: 2F 1-1: SINGLE (Line Drive, 78M) Judson Backstrom to third Miguel Encarnación to second
|
Batting: RHB Rubén Matos
|
0-0: Called Strike 0-1: Ball 1-1: Ground out 1-3 (Groundball, 13)
|
Top of the 7th over - 0 run(s), 3 hit(s), 0 error(s), 3 left on base; St Charles 0 - Fresno 6 |
BOTTOM OF THE 7TH |
Fresno Deplorables batting - Pitching for St Charles Sheens : RHP Irwin Conway
|
Batting: LHB Jeff Daniels
|
0-0: Ball 1-0: Fly out, F5 (Line Drive, 5S)
|
Batting: LHB Troy Donaldson
|
0-0: Foul Ball, location: 2F 0-1: Foul Ball, location: 2F 0-2: Ball 1-2: SINGLE (Line Drive, 9LS)
|
Batting: RHB Paco Arellano
|
0-0: Foul Ball, location: 2F 0-1: Fly out, F2 (Popup, 3S)
|
Batting: RHB Dani Vázquez
|
0-0: Called Strike Troy Donaldson is caught stealing 2nd base
|
Bottom of the 7th over - 0 run(s), 1 hit(s), 0 error(s), 0 left on base; St Charles 0 - Fresno 6 |
TOP OF THE 8TH |
St Charles Sheens batting - Pitching for Fresno Deplorables : RHP Butch Ramey
|
Batting: RHB Jesús Hernández
|
0-0: Ball 1-0: Called Strike 1-1: Fly out, F4 (Popup, 4S)
|
Batting: RHB Miguel Palácios
|
0-0: Called Strike 0-1: Ball 1-1: Ball 2-1: Ball 3-1: Ground out 6-3 (Groundball, 6)
|
Batting: LHB Larry Howard
|
0-0: Ball 1-0: Ball 2-0: Called Strike 2-1: Ball 3-1: Foul Ball, location: 2F 3-2: Strikes out swinging
|
Top of the 8th over - 0 run(s), 0 hit(s), 0 error(s), 0 left on base; St Charles 0 - Fresno 6 |
BOTTOM OF THE 8TH |
Fresno Deplorables batting - Pitching for St Charles Sheens : RHP Irwin Conway
|
Batting: RHB Dani Vázquez
|
0-0: Ball 1-0: Foul Ball, location: 2F 1-1: Fly out, F6 (Line Drive, 6)
|
Batting: RHB António Zúńiga
|
0-0: Ball 1-0: Ball 2-0: Swinging Strike 2-1: Foul Ball, location: 2F 2-2: Foul Ball, location: 2F 2-2: Foul Ball, location: 2F 2-2: Foul Ball, location: 2F 2-2: DOUBLE (Groundball, 5L)
|
Batting: RHB Alberto Campos
|
0-0: Ball 1-0: Ball 2-0: Foul Ball, location: 2F 2-1: Swinging Strike 2-2: Ground out 5-3 (Groundball, 5S) António Zúńiga to third
|
Batting: RHB Gabriel Miranda
|
0-0: Swinging Strike 0-1: Ball 1-1: Ball 2-1: SINGLE (Flyball, 8RS) António Zúńiga scores
|
Batting: RHB Jared Thompson
|
0-0: Ground out 5-3 (Groundball, 56)
|
Bottom of the 8th over - 1 run(s), 2 hit(s), 0 error(s), 1 left on base; St Charles 0 - Fresno 7 |
TOP OF THE 9TH |
St Charles Sheens batting - Pitching for Fresno Deplorables : RHP Butch Ramey
|
Batting: RHB Daniel Robert
|
0-0: Ball 1-0: Fly out, F8 (Flyball, 8RM)
|
Batting: RHB Max Rash
|
0-0: Fly out, F9 (Line Drive, 89M)
|
Batting: RHB Judson Backstrom
|
0-0: Called Strike 0-1: Ball 1-1: Foul Ball, location: 2F 1-2: Foul Ball, location: 2F 1-2: Ground out 6-3 (Groundball, 6)
|
Top of the 9th over - 0 run(s), 0 hit(s), 0 error(s), 0 left on base; St Charles 0 - Fresno 7 |
|